Map: Tropic Shores

Players

BenIce

  • Race: Protoss Protoss
  • Spawn Location: 6:00

UpAndComming

  • Race: Protoss Protoss
  • Spawn Location: 5:00

Galliard

  • Race: Protoss Protoss
  • League: Gold
  • Spawn Location: 5:00

WildNigra

  • Race: Terran Terran
  • League: Silver
  • Spawn Location: 6:00

Infamous

  • Race: Protoss Protoss
  • League: Silver
  • Spawn Location: 0:00

ShadowAztec

  • Race: Terran Terran
  • Spawn Location: 11:00

kurll

  • Race: Protoss Protoss
  • Spawn Location: 12:00

PinoySputnik

  • Race: Zerg Zerg
  • Spawn Location: 12:00

VOD

Have the link to the VOD?

Description

Time

  • Played on: April 1, 2018, 3:29 p.m.
  • Length: 20:49
Show
View Real Time Build Order
Export as new Build Order

BenIce Protoss 

Build Orders: Double Forge 

Get SALT Encoding   

  12  0:03  Probe (Chrono Boost)  
  13  0:13  Probe (Chrono Boost)  
  14  0:18  Probe (Chrono Boost)  
  15  0:25  Pylon  
  15  0:44  Forge  
  15  0:49  Gateway  
  15  0:53  Probe, Assimilator  
  16  1:01  Pylon  
  16  1:05  Probe  
  17  1:21  Probe (Chrono Boost)  
  18  1:27  Assimilator  
  18  1:31  Probe (Chrono Boost)  
  19  1:38  Cybernetics Core  
  19  1:46  Probe  
  20  1:58  Probe  
  21  2:09  Pylon  
  21  2:14  Probe (Chrono Boost)  
  22  2:24  Probe (Chrono Boost)  
  22  2:29  Probe (Chrono Boost), Stargate  
  24  2:40  Probe, Forge  
  25  2:45  Pylon  
  25  3:01  Stargate  
  25  3:05  Probe (Chrono Boost)  
  26  3:15  Probe (Chrono Boost)  
  26  3:19  Void Ray  
  31  3:41  Photon Cannon  
  31  3:45  Void Ray  
  35  3:49  Probe  
  36  4:01  Probe  
  37  4:04  Pylon  
  37  4:12  Void Ray  
  41  4:32  Pylon  
  41  4:36  Void Ray  
  45  4:49  Photon Cannon  
  45  5:02  Pylon  
  45  5:08  Void Ray  
  49  5:18  Photon Cannon  
  49  5:26  Photon Cannon  
  49  5:36  Photon Cannon  
  45  6:57  Void Ray x2  
  41  7:35  Nexus  
  29  8:00  Protoss Air Weapons Level 1  
  29  8:04  Stargate  
  29  8:06  Pylon  
  29  8:10  Assimilator  
  29  8:12  Pylon  
  29  8:22  Pylon  
  29  8:28  Photon Cannon  
  29  8:30  Photon Cannon  
  29  8:32  Photon Cannon  
  29  8:35  Photon Cannon  
  29  8:41  Photon Cannon, Stargate  
  29  8:44  Protoss Shields Level 1  
  29  8:51  Probe (Chrono Boost), Photon Cannon  
  30  9:00  Photon Cannon  
  30  9:02  Probe (Chrono Boost)  
  31  9:07  Probe (Chrono Boost)  
  31  9:09  Void Ray  
  36  9:18  Probe  
  36  9:20  Photon Cannon  
  37  9:30  Probe  
  38  9:42  Probe  
  39  9:46  Void Ray  
  43  9:54  Probe (Chrono Boost)  
  44  10:06  Probe (Chrono Boost)  
  45  10:08  Void Ray  
  45  10:12  Probe (Chrono Boost)  
  50  10:20  Probe  
  51  10:22  Assimilator  
  51  10:28  Protoss Air Armor Level 1  
  51  10:34  Probe  
  52  10:44  Void Ray  
  52  10:46  Probe (Chrono Boost)  
  57  10:59  Probe (Chrono Boost)  
  57  11:02  Void Ray  
  62  11:08  Probe (Chrono Boost)  
  63  11:12  Stargate  
  63  11:13  Probe  
  64  11:25  Probe  
  65  11:31  Photon Cannon  
  65  11:36  Void Ray  
  65  11:37  Probe  
  70  11:47  Void Ray  
  70  11:49  Probe  
  75  12:04  Photon Cannon  
  75  12:09  Pylon  
  75  12:15  Void Ray  
  79  12:22  Void Ray  
  83  12:26  Fleet Beacon  
  83  12:31  Pylon  
  83  13:07  Pylon  
  79  13:26  Void Ray x3  
  67  13:37  Photon Cannon  
  67  13:39  Photon Cannon  
  67  13:41  Photon Cannon  
  67  13:51  Shield Battery  
  67  13:57  Shield Battery  
  67  14:05  Protoss Air Weapons Level 2  
  67  14:14  Photon Cannon  
  67  14:16  Photon Cannon  
  67  14:22  Photon Cannon  
  67  14:27  Void Ray  
  67  14:28  Void Ray  
  75  14:38  Shield Battery  
  75  14:43  Photon Cannon  
  75  14:58  Void Ray  
  79  15:16  Shield Battery  
  79  16:02  Photon Cannon  
  79  16:11  Pylon  
  79  16:12  Void Ray x2  
  79  16:13  Void Ray  
  91  16:25  Robotics Facility  
  91  16:35  Photon Cannon  
  91  16:55  Void Ray  
  95  17:07  Void Ray x2  
  103  17:13  Observer  
  100  17:54  Void Ray  
  100  17:55  Void Ray x2  
  111  18:28  Pylon  
  111  18:39  Observer  
  108  18:46  Void Ray  
  112  18:52  Photon Cannon  
  112  19:57  Nexus  
Show
View Real Time Build Order
Export as new Build Order

UpAndComming Protoss 

Build Orders:  

Get SALT Encoding   

  12  0:03  Probe  
  13  0:15  Probe  
  14  0:26  Pylon  
  14  0:27  Probe  
  15  0:44  Probe  
  16  0:53  Gateway  
  16  0:59  Assimilator  
  16  1:01  Probe  
  17  1:05  Assimilator  
  17  1:13  Probe  
  18  1:25  Probe  
  19  1:38  Probe  
  19  1:39  Forge  
  20  1:45  Cybernetics Core  
  20  1:50  Probe  
  21  2:02  Probe  
  22  2:14  Probe  
  23  2:21  Pylon  
  23  2:33  Assimilator  
  23  2:39  Assimilator  
  23  2:55  Cybernetics Core  
  23  3:10  Nexus  
  23  3:11  Probe  
  24  3:13  Assimilator  
  24  3:17  Assimilator  
  24  3:24  Probe  
  25  3:33  Stargate  
  25  3:34  Stargate  
  25  3:36  Probe, Pylon, Stargate  
  26  3:48  Probe  
  27  3:57  Pylon  
  27  4:00  Probe  
  28  4:12  Probe  
  29  4:20  Void Ray  
  29  4:22  Void Ray  
  37  4:24  Probe  
  38  4:34  Probe  
  38  4:36  Probe  
  40  4:46  Probe  
  41  4:53  Probe  
  41  4:58  Probe  
  43  5:05  Probe  
  44  5:10  Probe  
  44  5:14  Fleet Beacon  
  45  5:17  Probe  
  46  5:23  Probe  
  44  5:29  Probe  
  29  5:41  Probe  
  28  5:53  Probe  
  28  5:54  Probe  
  30  6:05  Probe  
  30  6:06  Probe  
  32  6:17  Probe  
  32  6:18  Probe  
  34  6:30  Probe, Mothership  
  43  6:42  Probe  
  44  6:54  Probe  
  45  7:11  Probe  
  46  7:21  Carrier  
  52  7:23  Probe  
  52  7:26  Graviton Catapult  
  53  7:35  Probe  
  54  7:47  Probe  
  55  7:58  Carrier  
  55  7:59  Probe  
  62  8:12  Pylon x2  
  62  8:14  Pylon  
  62  8:23  Anion Pulse-Crystals  
  62  8:30  Probe  
  63  8:36  Probe  
  64  8:42  Probe  
  64  8:44  Protoss Air Armor Level 1  
  64  8:45  Protoss Air Weapons Level 1  
  65  8:48  Probe  
  65  8:54  Probe  
  67  8:56  Twilight Council  
  67  9:00  Robotics Facility  
  67  9:01  Probe  
  68  9:07  Probe  
  69  9:13  Probe  
  70  9:19  Probe  
  71  9:25  Probe  
  72  9:35  Void Ray  
  72  9:36  Nexus  
  76  9:38  Assimilator  
  76  9:43  Assimilator  
  76  9:48  Probe  
  77  9:55  Probe  
  78  10:00  Probe  
  78  10:04  Observer  
  80  10:07  Probe  
  80  10:12  Probe  
  82  10:16  Pylon  
  82  10:18  Pylon  
  82  10:19  Probe  
  83  10:22  Pylon x2  
  83  10:24  Probe  
  83  10:25  Pylon  
  84  10:32  Probe  
  84  10:34  Carrier  
  91  10:36  Probe  
  92  10:44  Probe  
  93  11:00  Protoss Shields Level 1  
  93  11:02  Protoss Air Weapons Level 2  
  93  11:03  Protoss Air Armor Level 2  
  93  11:08  Void Ray x2  
  101  11:15  Probe  
  102  11:27  Probe  
  103  11:39  Probe  
  104  11:51  Probe, Carrier x2  
  117  11:59  Carrier  
  123  12:03  Probe  
  108  13:11  Mothership  
  116  13:16  Carrier  
  116  13:17  Void Ray  
  126  13:25  Void Ray  
  107  14:17  Protoss Air Weapons Level 3  
  107  14:18  Protoss Air Armor Level 3  
  107  14:20  Protoss Shields Level 2  
  107  14:23  Carrier x2  
  119  14:42  Carrier  
  125  14:50  Nexus  
  125  14:51  Assimilator  
  85  15:49  Carrier, Void Ray  
  95  16:08  Probe, Void Ray  
  100  16:20  Probe  
  101  16:32  Probe, Void Ray  
  106  16:44  Probe  
  107  16:51  Void Ray  
  111  16:56  Probe  
  112  17:13  Protoss Shields Level 3  
  112  17:20  Carrier x2  
  124  18:06  Void Ray  
  113  18:46  Void Ray x2  
  121  18:49  Void Ray  
Show
View Real Time Build Order
Export as new Build Order

Galliard Protoss 

Build Orders: Double Forge, Blink Stalkers, Dark Templar Rush 

Get SALT Encoding   

  12  0:01  Probe (Chrono Boost)  
  13  0:10  Probe (Chrono Boost)  
  14  0:23  Probe, Pylon  
  15  0:41  Probe  
  16  0:48  Gateway  
  16  0:55  Forge  
  16  1:00  Probe  
  16  1:04  Pylon  
  17  1:07  Assimilator  
  17  1:13  Assimilator  
  17  1:30  Probe (Chrono Boost)  
  18  1:37  Cybernetics Core  
  19  1:41  Probe (Chrono Boost)  
  19  1:45  Probe (Chrono Boost), Cybernetics Core  
  19  1:51  Pylon  
  20  1:57  Probe  
  21  2:04  Pylon  
  21  2:09  Probe  
  22  2:21  Probe  
  23  2:28  Nexus  
  23  2:47  Twilight Council  
  23  2:55  Warp Gate  
  23  3:10  Forge  
  23  3:11  Forge  
  23  3:23  Blink  
  23  3:33  Forge  
  23  3:42  Dark Shrine  
  23  3:44  Probe (Chrono Boost)  
  24  3:54  Pylon, Probe (Chrono Boost)  
  25  3:56  Pylon  
  25  3:58  Assimilator  
  25  3:59  Probe (Chrono Boost)  
  26  4:02  Assimilator  
  26  4:11  Probe  
  26  4:15  Gateway  
  27  4:18  Gateway  
  27  4:26  Gateway  
  27  4:47  Probe (Chrono Boost)  
  28  4:53  Protoss Ground Weapons Level 1  
  28  4:54  Protoss Ground Armor Level 1  
  28  4:57  Pylon  
  28  4:58  Probe (Chrono Boost)  
  28  4:59  Protoss Shields Level 1  
  29  5:02  Probe (Chrono Boost)  
  31  5:14  Probe  
  31  5:28  Zealot x2  
  33  5:29  Zealot x2  
  33  5:30  Charge  
  39  5:46  Robotics Facility  
  39  6:01  Nexus  
  39  6:03  Probe (Chrono Boost)  
  40  6:04  Pylon  
  40  6:08  Assimilator  
  40  6:12  Assimilator  
  40  6:14  Probe (Chrono Boost)  
  41  6:19  Probe (Chrono Boost)  
  42  6:30  Probe  
  44  6:40  Warp Prism  
  44  6:43  Probe (Chrono Boost)  
  44  6:45  Robotics Bay  
  46  6:52  Probe (Chrono Boost)  
  46  6:53  Probe (Chrono Boost)  
  48  6:59  Probe (Chrono Boost)  
  50  7:01  Probe (Chrono Boost)  
  50  7:03  Protoss Ground Weapons Level 2 (Chrono Boost)  
  50  7:04  Probe (Chrono Boost), Protoss Ground Armor Level 2 (Chrono Boost)  
  50  7:07  Protoss Shields Level 2 (Chrono Boost)  
  51  7:15  Probe  
  52  7:29  Probe (Chrono Boost)  
  53  7:32  Shadow Stride  
  53  7:36  Probe (Chrono Boost)  
  55  7:45  Probe (Chrono Boost)  
  55  7:46  Probe (Chrono Boost)  
  55  7:51  Pylon, Probe x2 (Chrono Boost)  
  56  7:55  Pylon  
  56  7:57  Pylon  
  58  8:03  Probe  
  57  8:18  Warp Prism  
  51  8:32  Gateway x2  
  51  8:35  Gateway  
  51  8:38  Gateway  
  51  8:45  Templar Archives  
  51  9:05  Protoss Ground Armor Level 3 (Chrono Boost), Protoss Ground Weapons Level 3 (Chrono Boost)  
  51  9:06  Protoss Shields Level 3 (Chrono Boost)  
  51  9:53  Dark Templar x2  
  51  9:54  Dark Templar x2  
  51  9:55  Pylon, Dark Templar x2  
  51  9:56  Dark Templar  
  51  9:57  Pylon  
  51  9:58  Dark Templar  
  67  10:00  Pylon  
  53  10:48  Zealot x3  
  53  10:49  Zealot x3  
  63  10:52  Zealot  
  63  10:53  Zealot  
  65  11:24  Observer Gravitic Boosters (Chrono Boost)  
  51  11:30  Stalker x4  
  51  11:31  Stalker x2  
  51  11:32  Stalker x2  
  65  12:05  Stalker x4  
  65  12:06  Stalker x3  
  65  12:07  Stalker  
  81  12:09  Psionic Storm  
  81  12:10  Pylon  
  81  12:13  Gravitic Drive  
  81  12:44  High Templar x3  
  83  12:45  High Templar  
  83  12:46  Sentry x2  
  83  12:47  Sentry  
  83  12:48  Sentry  
  97  13:36  Observer (Chrono Boost)  
  96  13:50  Pylon  
  96  13:52  Pylon  
  96  14:13  Zealot x2  
  96  14:14  Zealot x4  
  96  14:15  Zealot x2  
  112  14:26  Pylon  
  112  14:29  Pylon  
  96  14:52  Stalker x4  
  93  14:53  Stalker  
  93  14:54  Stalker  
  93  14:55  Stalker  
  95  15:27  High Templar  
  95  15:28  High Templar x3  
  97  15:29  High Templar x2  
  97  15:30  Stalker x2  
  91  16:13  Zealot  
  91  16:14  Zealot x4  
  91  16:15  Zealot x2  
  105  16:23  Zealot  
  107  17:00  Dark Templar  
  107  17:01  Dark Templar x4  
  113  17:02  Dark Templar x3  
  113  17:07  Pylon  
  123  17:15  Archon  
  123  17:16  Archon x3  
  123  17:35  Stalker x3  
  123  17:36  Stalker x4  
  137  17:48  Observer  
  137  17:50  Stalker  
  140  18:02  Sentry  
  140  18:03  Sentry x2  
  140  18:04  Sentry x2  
  140  18:05  Sentry  
  152  18:17  Dark Templar x2  
  156  18:30  Archon  
  156  18:32  Stalker x2  
  156  18:33  Stalker x3  
  166  18:34  Stalker  
  168  18:52  Stalker x2  
  172  19:06  Stalker x3  
  172  19:07  Stalker x3  
  178  19:32  Zealot  
  178  19:34  Zealot  
  178  19:35  Zealot  
  178  19:36  Zealot x2  
  178  19:37  Zealot x3  
  188  19:56  Stalker x2  
  188  19:57  Stalker x2  
  188  19:58  Stalker x2  
  181  20:28  Stalker x2  
  181  20:29  Stalker x4  
  181  20:30  Stalker x2  
Show
View Real Time Build Order
Export as new Build Order

WildNigra Terran 

Build Orders:  

Get SALT Encoding   

  12  0:04  SCV  
  13  0:16  SCV  
  14  0:29  SCV  
  14  0:33  Supply Depot  
  15  0:54  SCV  
  16  1:06  SCV  
  16  1:08  Supply Depot  
  17  1:13  Barracks  
  17  1:19  SCV  
  18  1:31  SCV  
  19  1:39  Barracks  
  19  1:43  SCV  
  20  1:55  SCV  
  21  2:07  Marine, Supply Depot, SCV  
  23  2:10  Command Center  
  23  2:19  SCV  
  24  2:25  Marine  
  25  2:31  SCV  
  25  2:36  Barracks  
  26  2:42  Supply Depot  
  26  2:43  Marine x2, SCV  
  29  2:55  SCV  
  30  3:00  Engineering Bay  
  30  3:01  Marine x2  
  32  3:07  SCV  
  32  3:08  Refinery  
  32  3:10  Refinery  
  33  3:19  Marine x2  
  36  3:20  SCV  
  36  3:26  Supply Depot  
  36  3:27  Engineering Bay  
  36  3:32  SCV  
  37  3:36  Marine  
  37  3:37  Marine  
  37  3:38  Refinery  
  39  3:44  SCV  
  40  3:55  Marine x2  
  42  3:56  SCV  
  43  4:08  SCV  
  43  4:09  Barracks Tech Lab  
  44  4:12  Marine  
  44  4:13  Marine  
  44  4:14  Orbital Command  
  46  4:20  SCV  
  47  4:28  Marauder  
  47  4:30  Marine x2  
  51  4:32  SCV  
  52  4:44  SCV  
  53  4:48  Marine x2  
  53  4:49  Factory  
  53  4:50  Marauder  
  57  4:58  Factory  
  57  5:06  Marine x2  
  59  5:10  SCV  
  59  5:12  Marauder  
  62  5:22  SCV  
  62  5:24  Marine x2  
  65  5:34  Marauder  
  68  5:35  SCV  
  68  5:36  Refinery  
  68  5:42  Marine x2  
  68  5:47  Factory Tech Lab  
  70  5:54  Factory Reactor  
  70  5:57  SCV  
  70  5:58  Marauder  
  70  6:00  Marine x2  
  75  6:06  Supply Depot  
  75  6:09  SCV  
  76  6:18  Marine x2  
  76  6:19  Marauder  
  76  6:22  SCV  
  76  6:25  Terran Infantry Weapons Level 1, Terran Infantry Armor Level 1  
  81  6:28  Supply Depot  
  81  6:33  Armory  
  81  6:34  SCV  
  81  6:36  Marine x2  
  84  6:40  Marauder  
  84  6:46  SCV  
  87  6:52  Supply Depot  
  87  6:54  Marine x2  
  87  6:58  SCV  
  90  7:02  Marauder  
  90  7:06  Cyclone x3  
  101  7:08  Command Center  
  101  7:10  SCV  
  101  7:13  Marine x2  
  101  7:15  Supply Depot  
  104  7:22  SCV  
  105  7:23  Marauder  
  107  7:31  Marine x2  
  107  7:34  SCV  
  110  7:38  Supply Depot, Hellion  
  110  7:39  Missile Turret  
  110  7:40  Missile Turret  
  112  7:44  Missile Turret  
  112  7:45  Missile Turret, Marauder  
  112  7:49  Marine x2  
  116  8:00  Supply Depot  
  116  8:06  Marine x2  
  116  8:07  Marauder  
  116  8:08  SCV  
  116  8:12  Missile Turret  
  121  8:13  Missile Turret  
  121  8:16  Missile Turret  
  121  8:19  Missile Turret  
  121  8:20  Planetary Fortress  
  121  8:21  SCV  
  121  8:24  Marine x2  
  124  8:28  Missile Turret  
  124  8:29  Marauder  
  126  8:36  Missile Turret  
  120  8:42  Marine x2  
  120  8:47  SCV  
  122  8:50  Missile Turret  
  122  8:51  Marauder  
  122  8:56  Hellbat x3  
  122  8:59  SCV  
  122  9:00  Marine x2  
  125  9:12  SCV  
  125  9:13  Marauder  
  126  9:17  Hellbat x2  
  126  9:18  Marine x2  
  132  9:25  SCV  
  132  9:30  Armory  
  133  9:35  Marauder  
  133  9:36  Marine x2  
  133  9:38  SCV  
  137  9:49  Missile Turret  
  137  9:50  SCV  
  137  9:54  Marine x2  
  137  9:57  Marauder  
  141  10:03  SCV  
  142  10:12  Marine x2  
  142  10:13  Missile Turret  
  144  10:16  SCV  
  144  10:19  Terran Infantry Weapons Level 2  
  144  10:20  Terran Infantry Armor Level 2  
  145  10:29  SCV  
  145  10:30  Marine x2  
  145  10:33  Missile Turret  
  148  10:41  SCV, Marauder  
  149  10:43  Supply Depot  
  149  10:46  Cyclone x2  
  149  10:48  Marine x2  
  157  10:54  SCV  
  157  10:58  Cyclone  
  157  11:04  Marauder  
  157  11:06  Marine x2, Supply Depot  
  157  11:10  Missile Turret  
  161  11:17  Missile Turret  
  161  11:18  Cyclone  
  161  11:20  SCV  
  165  11:27  Marine x2  
  165  11:28  Marauder, Cyclone  
  165  11:31  Supply Depot, Missile Turret  
  172  11:38  Supply Depot, Missile Turret  
  172  11:45  SCV  
  173  11:52  Marine x2, Missile Turret, Cyclone x2  
  181  11:55  Supply Depot  
  181  11:59  Missile Turret  
  181  12:00  SCV, Marauder, Cyclone  
  187  12:02  Supply Depot  
  187  12:10  Marine x2  
  189  12:18  Supply Depot  
  189  12:22  Marauder  
  191  12:23  SCV  
  191  12:24  Starport  
  191  12:25  Starport x2  
  191  12:28  Marine x2  
  192  12:36  SCV  
  182  12:43  Marauder  
  172  12:46  Marine x2  
  172  12:49  SCV  
  140  13:02  SCV  
  140  13:03  Marine x2, Starport  
  140  13:04  Marauder  
  129  13:21  Marine x2  
  129  13:26  Marauder  
  133  13:39  Marine x2  
  135  13:42  Missile Turret  
  135  13:47  Marauder  
  137  13:55  Starport Tech Lab  
  137  13:56  Starport Reactor x2  
  137  13:57  Marine x2  
  139  14:04  Missile Turret  
  139  14:07  Starport Reactor  
  139  14:08  Refinery  
  139  14:09  Marauder  
  141  14:15  Marine x2  
  143  14:23  Missile Turret  
  143  14:24  Command Center  
  143  14:30  Marauder  
  145  14:32  Marine x2  
  86  14:50  Marine x2  
  86  14:51  Marauder  
  89  15:08  Marine x2  
  89  15:13  Marauder  
  60  15:26  Marine x2  
  57  15:41  Thor  
  53  15:43  Liberator  
  53  15:44  Marine x2, Hellbat x2  
  53  15:48  Marauder  
  48  15:58  Viking x3  
  48  16:00  Medivac  
  48  16:01  Marine, Raven  
  48  16:02  Marine, Viking  
  65  16:05  Hellbat  
  65  16:06  Hellbat  
  65  16:10  Marauder  
  71  16:19  Marine x2  
  71  16:24  Thor  
  79  16:27  Hellbat x2  
  79  16:28  Viking x3  
  79  16:30  Viking  
  79  16:31  Marauder  
  93  16:37  Marine x2  
  86  16:48  Hellbat x2  
  86  16:53  Marauder  
  84  16:55  Marine x2  
  86  17:07  Thor  
  89  17:10  Hellbat x2  
  89  17:13  Marine x2  
  83  17:15  Marauder  
  83  17:31  Marine x2, Hellbat x2  
  89  17:37  Marauder  
  91  17:48  Marine x2  
  91  17:50  Thor  
  99  17:59  Marauder  
  101  18:06  Marine x2  
  103  18:21  Marauder  
  103  18:24  Marine x2  
  107  18:31  Medivac  
  107  18:32  Medivac  
  107  18:33  Thor  
  117  18:42  Marine x2  
  119  19:00  Marine x2  
  121  19:05  Marauder  
  123  19:16  Hellbat  
  113  19:29  Marine  
  114  19:38  Planetary Fortress  
  114  19:47  Marine x2  
  114  19:49  Marauder  
  112  20:05  Marine x2  
  114  20:11  Marauder  
  111  20:41  Refinery  
Show
View Real Time Build Order
Export as new Build Order

Infamous Protoss 

Build Orders:  

Get SALT Encoding   

  12  0:01  Probe  
  13  0:13  Probe  
  14  0:20  Pylon  
  14  0:27  Probe  
  15  0:39  Gateway  
  15  0:40  Probe  
  16  0:53  Probe  
  17  0:59  Assimilator  
  17  1:05  Probe  
  18  1:11  Gateway  
  18  1:18  Probe (Chrono Boost)  
  19  1:26  Cybernetics Core  
  19  1:30  Probe (Chrono Boost)  
  20  1:39  Probe (Chrono Boost)  
  21  1:51  Probe  
  22  2:03  Probe  
  23  2:13  Assimilator  
  23  2:18  Pylon  
  23  2:21  Warp Gate  
  23  2:36  Probe, Stalker x2  
  28  2:48  Probe  
  28  2:50  Pylon  
  28  3:03  Probe  
  28  3:04  Twilight Council  
  29  3:21  Stalker (Chrono Boost)  
  29  3:22  Probe  
  34  3:30  Stalker (Chrono Boost)  
  34  3:46  Nexus  
  34  3:47  Pylon  
  34  3:49  Pylon  
  34  3:51  Probe  
  35  4:03  Probe  
  36  4:15  Probe (Chrono Boost)  
  37  4:18  Assimilator  
  37  4:26  Probe (Chrono Boost)  
  37  4:27  Gateway  
  37  4:29  Pylon  
  37  4:30  Robotics Facility  
  38  4:38  Pylon  
  38  4:49  Stalker x2  
  42  5:01  Probe (Chrono Boost)  
  42  5:06  Probe (Chrono Boost)  
  44  5:18  Forge  
  44  5:21  Observer  
  45  5:34  Probe  
  45  5:35  Gateway x2  
  46  5:38  Gateway  
  46  5:40  Gateway  
  46  5:42  Probe, Assimilator  
  47  5:46  Probe  
  47  5:48  Stalker  
  50  5:56  Pylon  
  46  6:01  Stalker  
  43  6:42  Nexus  
  43  6:53  Probe  
  44  7:05  Probe  
  45  7:16  Pylon  
  45  7:17  Probe  
  45  7:18  Stalker, Shield Battery  
  45  7:21  Observer  
  49  7:38  Photon Cannon  
  49  7:45  Sentry x3  
  49  7:50  Probe  
  56  8:10  Zealot  
  56  8:11  Zealot x2  
  62  8:13  Sentry  
  64  8:38  Gateway  
  64  8:39  Gateway  
  50  8:51  Stalker x3  
  50  8:52  Stalker x2  
  60  9:00  Immortal  
  64  9:16  Zealot  
  64  9:17  Zealot x3  
  62  9:18  Zealot  
  62  9:23  Protoss Ground Weapons Level 1  
  68  9:44  Probe, Templar Archives  
  69  9:56  Probe, Sentry x2  
  69  9:57  Stalker x2  
  69  9:58  Stalker x2  
  82  10:13  Immortal  
  86  10:17  Blink  
  86  10:25  Pylon  
  86  10:28  Pylon  
  86  10:34  Photon Cannon  
  86  10:38  Photon Cannon  
  82  10:50  Stalker x3  
  82  10:52  Sentry  
  82  10:54  Sentry x2  
  94  11:03  Immortal (Chrono Boost)  
  98  11:28  Robotics Bay  
  98  11:32  Shield Battery  
  98  11:33  High Templar  
  98  11:35  Photon Cannon  
  100  11:55  Pylon  
  100  12:01  High Templar x2  
  104  12:11  Psionic Storm  
  104  12:29  Zealot x4  
  112  12:30  Zealot x3  
  112  12:36  Archon  
  68  13:12  Stalker  
  68  13:13  Stalker x5  
  68  13:14  Stalker x3  
  78  13:35  Probe x2  
  78  13:37  Sentry x3  
  86  13:42  Stalker x2  
  86  13:44  Zealot x2  
  94  14:13  High Templar x2  
  98  14:45  High Templar  
  98  14:46  High Templar  
  98  14:48  Zealot  
  98  14:49  Zealot  
  98  14:51  Zealot  
  98  14:52  Zealot x4  
  96  15:36  Archon x2  
  96  15:44  Stalker x5  
  96  15:45  Stalker x4  
  114  16:02  Immortal  
  116  16:27  Pylon  
  116  16:30  Pylon  
  116  16:33  Pylon  
  116  16:35  Pylon, High Templar  
  118  16:40  Pylon  
  118  16:41  Forge  
  118  16:45  Immortal  
  66  16:59  Stalker x4  
  66  17:00  Stalker  
  62  17:02  Sentry x2  
  62  17:03  Sentry  
  66  17:49  High Templar x3  
  66  17:50  High Templar x5  
  82  17:58  Archon x3, Nexus  
  82  17:59  Pylon, Archon  
  82  18:01  Pylon  
  82  18:03  Pylon  
  82  18:06  Protoss Ground Weapons Level 2  
  82  18:34  High Templar  
  82  18:35  High Templar x2  
  82  18:37  Zealot  
  82  18:38  Zealot x4  
  68  19:28  High Templar x5  
  75  19:38  Stalker x2  
  64  20:03  Zealot x3  
  64  20:04  Zealot x5  
Show
View Real Time Build Order
Export as new Build Order

ShadowAztec Terran 

Build Orders:  

Get SALT Encoding   

  12  0:02  SCV  
  13  0:14  SCV  
  14  0:26  SCV  
  15  0:30  Supply Depot  
  15  0:43  Refinery  
  15  0:48  Refinery  
  15  0:51  SCV  
  16  0:59  Supply Depot  
  16  1:03  SCV  
  17  1:16  SCV  
  17  1:17  Barracks  
  18  1:25  Engineering Bay  
  18  1:33  SCV  
  19  1:45  Barracks, SCV  
  20  1:57  SCV  
  20  1:58  Supply Depot  
  21  2:09  SCV  
  22  2:16  Factory  
  22  2:21  SCV  
  23  2:27  Engineering Bay  
  23  2:37  Barracks Reactor  
  23  2:38  Barracks Tech Lab  
  23  2:41  SCV  
  24  2:54  SCV  
  25  3:01  Factory Tech Lab  
  25  3:16  Command Center  
  25  3:27  Starport  
  25  3:40  Orbital Command  
  25  3:46  Siege Tank  
  28  4:14  Starport Reactor  
  28  4:19  SCV  
  29  4:31  SCV  
  29  4:43  SCV  
  30  4:55  SCV  
  31  5:07  SCV  
  31  5:27  Marine x3  
  33  5:31  Refinery  
  33  5:32  Refinery  
  33  5:41  Terran Infantry Weapons Level 1, Terran Infantry Armor Level 1  
  33  5:43  Missile Turret  
  33  5:44  Marine  
  33  5:45  Marine x2, SCV  
  37  5:57  SCV  
  37  6:02  Marine x3, Missile Turret  
  41  6:09  SCV  
  40  6:20  Marine x3  
  40  6:22  Missile Turret, SCV  
  43  6:34  SCV  
  43  6:38  Marine  
  45  6:45  Missile Turret  
  45  6:48  SCV  
  45  6:51  Marine x2  
  48  6:56  Marine  
  48  7:01  SCV  
  49  7:04  Missile Turret  
  49  7:09  Marine x2  
  49  7:13  SCV  
  49  7:14  Marine  
  53  7:24  Missile Turret  
  53  7:25  SCV  
  53  7:27  Marine x2  
  56  7:32  Marine  
  57  7:37  SCV  
  58  7:44  Marine x2  
  58  7:49  Marine, SCV  
  62  7:59  Barracks  
  62  8:00  Barracks x2  
  62  8:01  Barracks  
  62  8:02  Marine x2  
  64  8:07  Marine  
  65  8:46  Combat Shields  
  65  8:48  Barracks x2  
  45  9:15  Barracks Tech Lab, Barracks Reactor  
  45  9:16  Barracks Reactor  
  45  9:23  Barracks Tech Lab  
  45  9:29  Armory  
  45  9:31  Ghost Academy  
  45  9:40  Barracks Reactor  
  45  9:43  Barracks Reactor  
  45  9:51  Missile Turret  
  45  10:02  Ghost Academy  
  45  10:06  Stimpack  
  45  10:08  Marauder x3  
  45  10:10  Marine x6  
  57  10:18  Ghost Academy  
  57  10:25  Supply Depot  
  57  10:28  Marine  
  54  10:29  Marauder x3  
  60  10:48  Supply Depot  
  60  10:50  Marauder  
  60  10:51  Marauder x2  
  66  11:01  Nuke x2, Personal Cloaking  
  66  11:07  Terran Infantry Weapons Level 2  
  66  11:08  Terran Infantry Armor Level 2  
  66  11:11  Supply Depot  
  66  11:12  Marauder x3  
  72  11:21  Command Center  
  72  11:33  Marauder x3  
  72  11:34  Supply Depot  
  78  11:50  Marine x5  
  78  11:51  Marine x5  
  78  11:54  Marine, Ghost x2  
  88  11:57  Medivac  
  95  12:06  Concussive Shells  
  95  12:08  Marine  
  96  12:10  Supply Depot  
  96  12:26  Nuke  
  43  13:18  Ghost  
  43  13:19  Ghost x2  
  47  13:20  Marine x6  
  47  13:21  Marine x4  
  47  13:23  Hi-Sec Auto Tracking  
  57  13:38  Marine x7  
  57  13:39  Marine x3  
  67  13:47  Marine  
  67  13:48  Marine x2  
  64  15:01  Ghost  
  64  15:02  Ghost x2  
  64  15:04  Nuke x3  
  65  15:37  Sensor Tower  
  47  16:31  Terran Infantry Weapons Level 3  
  47  16:33  Marine x7  
  47  16:34  Marine x6  
  60  16:51  Marine x9  
  60  16:52  Marine x3  
  67  17:51  Ghost x2  
  71  18:03  SCV  
  72  18:07  Marine x8  
  72  18:08  Marine x3  
  83  18:15  SCV  
  84  18:20  Marine x2  
  84  18:24  Marine x2  
  84  18:25  Marine x7  
  84  18:26  Marine x2  
  98  18:27  SCV  
  98  18:38  Marine x2  
  98  18:39  SCV  
  101  18:42  Marine x3  
  101  18:43  Marine x6  
  110  18:51  SCV  
  111  19:10  Nuke x2  
Show
View Real Time Build Order
Export as new Build Order

kurll Protoss 

Build Orders:  

Get SALT Encoding   

  12  1:27  Pylon  
  12  1:28  Nexus  
  12  1:29  Probe (Chrono Boost)  
  12  1:31  Nexus  
  13  1:39  Probe (Chrono Boost)  
  15  1:47  Probe (Chrono Boost)  
  15  1:54  Probe (Chrono Boost)  
  16  2:00  Probe  
  17  2:12  Probe  
  18  2:20  Assimilator  
  18  2:24  Assimilator  
  18  2:26  Probe (Chrono Boost)  
  19  2:36  Pylon, Probe (Chrono Boost)  
  20  2:41  Probe (Chrono Boost)  
  20  2:43  Probe x2  
  23  2:53  Probe  
  23  2:55  Probe x2  
  26  3:00  Gateway  
  26  3:05  Forge  
  26  3:11  Probe (Chrono Boost)  
  26  3:12  Probe (Chrono Boost)  
  28  3:23  Probe (Chrono Boost)  
  28  3:24  Probe (Chrono Boost)  
  30  3:29  Probe x2 (Chrono Boost)  
  32  3:38  Probe x2  
  34  3:42  Pylon  
  34  3:48  Pylon  
  34  3:52  Probe (Chrono Boost)  
  34  3:55  Cybernetics Core  
  35  3:57  Probe x2 (Chrono Boost)  
  37  4:08  Probe x2 (Chrono Boost)  
  37  4:09  Probe (Chrono Boost), Pylon  
  40  4:11  Cybernetics Core  
  40  4:15  Probe  
  41  4:18  Assimilator  
  41  4:21  Probe  
  41  4:22  Probe, Assimilator  
  43  4:29  Probe (Chrono Boost)  
  46  4:39  Probe x2 (Chrono Boost)  
  46  4:41  Probe (Chrono Boost)  
  47  4:46  Probe (Chrono Boost)  
  47  4:49  Probe x2 (Chrono Boost)  
  50  4:56  Probe  
  51  5:01  Probe x2, Stargate  
  51  5:02  Stargate  
  53  5:08  Pylon, Probe  
  53  5:12  Photon Cannon  
  53  5:13  Probe x2  
  56  5:14  Photon Cannon  
  56  5:21  Photon Cannon  
  56  5:23  Pylon  
  56  5:25  Probe x2  
  56  5:27  Photon Cannon  
  58  5:34  Stargate  
  58  5:35  Protoss Shields Level 1  
  58  5:37  Probe, Pylon  
  58  5:38  Pylon  
  59  5:44  Photon Cannon  
  59  5:50  Photon Cannon  
  59  5:54  Photon Cannon  
  59  5:56  Void Ray (Chrono Boost)  
  59  6:02  Void Ray (Chrono Boost)  
  67  6:17  Void Ray (Chrono Boost)  
  67  6:21  Protoss Air Weapons Level 1  
  67  6:23  Protoss Air Armor Level 1  
  71  6:31  Void Ray (Chrono Boost)  
  75  6:38  Void Ray (Chrono Boost)  
  79  6:51  Assimilator, Void Ray (Chrono Boost)  
  79  6:53  Pylon  
  83  6:56  Pylon  
  83  6:58  Probe  
  84  7:10  Probe  
  84  7:11  Void Ray (Chrono Boost)  
  89  7:17  Void Ray (Chrono Boost)  
  89  7:18  Assimilator  
  89  7:22  Probe  
  94  7:23  Pylon, Photon Cannon  
  94  7:24  Photon Cannon  
  94  7:25  Photon Cannon  
  94  7:26  Photon Cannon  
  94  7:28  Photon Cannon  
  94  7:31  Photon Cannon  
  94  7:34  Probe  
  95  7:46  Probe  
  96  8:21  Void Ray x3  
  108  8:42  Stargate  
  108  8:46  Stargate  
  108  8:48  Fleet Beacon  
  108  8:49  Pylon  
  108  8:52  Pylon  
  108  8:56  Pylon  
  108  8:57  Pylon  
  108  8:59  Pylon, Shield Battery  
  108  9:03  Void Ray x3 (Chrono Boost)  
  108  9:04  Shield Battery  
  108  9:07  Shield Battery x2  
  120  9:37  Void Ray x3  
  125  9:55  Nexus  
  125  9:56  Pylon  
  125  9:59  Pylon  
  125  10:02  Pylon  
  125  10:04  Assimilator  
  125  10:06  Assimilator  
  125  10:09  Pylon  
  125  10:38  Nexus  
  121  11:05  Shield Battery  
  121  11:06  Photon Cannon  
  121  11:07  Photon Cannon x2  
  121  11:08  Photon Cannon  
  121  11:10  Photon Cannon  
  121  11:11  Photon Cannon  
  121  11:14  Photon Cannon  
  121  11:21  Photon Cannon  
  121  11:22  Photon Cannon  
  121  11:25  Pylon  
  121  11:27  Pylon  
  121  11:28  Pylon  
  121  11:34  Photon Cannon  
  121  11:35  Photon Cannon  
  121  11:38  Photon Cannon  
  121  11:43  Photon Cannon  
  121  11:44  Photon Cannon  
  121  11:46  Photon Cannon  
  121  11:47  Shield Battery  
  121  11:53  Photon Cannon  
  121  11:58  Photon Cannon  
  121  12:06  Photon Cannon  
  121  12:08  Photon Cannon  
  121  12:17  Void Ray x2  
  121  12:18  Void Ray x3  
  121  12:20  Protoss Air Weapons Level 2  
  137  13:18  Mothership (Chrono Boost)  
  129  13:28  Void Ray (Chrono Boost)  
  129  13:29  Void Ray x2 (Chrono Boost)  
  129  13:31  Void Ray x2 (Chrono Boost)  
  129  13:33  Protoss Air Armor Level 2  
  157  13:52  Photon Cannon x2  
  157  13:53  Photon Cannon  
  157  13:54  Photon Cannon  
  157  14:01  Twilight Council  
  157  14:08  Void Ray (Chrono Boost)  
  161  14:14  Void Ray x2 (Chrono Boost)  
  161  14:15  Void Ray x2 (Chrono Boost)  
  91  15:42  Void Ray x3  
  82  15:43  Void Ray x2  
  93  16:05  Protoss Shields Level 2 (Chrono Boost), Protoss Air Weapons Level 3  
  93  16:14  Protoss Air Armor Level 3  
  92  16:22  Probe (Chrono Boost)  
  92  16:25  Void Ray x4  
  101  16:26  Void Ray  
  114  16:33  Probe (Chrono Boost)  
  114  16:37  Probe (Chrono Boost)  
  115  16:48  Probe  
  116  17:00  Probe  
  117  17:17  Nexus  
Show
View Real Time Build Order
Export as new Build Order

PinoySputnik Zerg 

Build Orders: Pool First, Lurkers 

Get SALT Encoding   

  12  1:11  Spawning Pool  
  11  1:15  Extractor  
  11  1:17  Drone  
  11  1:18  Drone x2  
  13  1:24  Evolution Chamber  
  12  1:27  Extractor  
  11  1:45  Hatchery  
  10  1:47  Drone x2  
  12  1:57  Drone  
  13  2:13  Extractor  
  12  2:16  Drone x2  
  14  2:27  Roach Warren  
  13  2:31  Overlord  
  13  2:48  Queen  
  13  2:51  Zergling x4  
  16  2:57  Extractor  
  16  3:01  Drone  
  17  3:07  Pneumatized Carapace  
  17  3:15  Zergling x2  
  18  3:25  Metabolic Boost  
  18  3:50  Queen  
  18  3:52  Drone  
  21  4:06  Lair  
  21  4:14  Zergling x2  
  22  4:20  Zergling x2  
  22  4:23  Zergling x2  
  24  4:31  Drone  
  25  4:49  Zergling x6  
  19  5:43  Drone x2  
  19  5:44  Drone x4  
  19  5:48  Spore Crawler  
  24  5:52  Lair  
  24  6:03  Hydralisk Den  
  23  6:12  Spore Crawler  
  22  6:18  Spore Crawler  
  22  6:20  Drone x2  
  23  6:44  Drone  
  22  6:48  Roach  
  22  6:52  Hydralisk  
  26  7:05  Drone x2  
  28  7:08  Overlord  
  28  7:23  Spore Crawler  
  27  7:37  Grooved Spines  
  27  7:42  Hydralisk  
  27  7:43  Hydralisk x2  
  33  7:54  Overseer  
  33  7:58  Queen  
  33  8:01  Drone  
  33  8:03  Overlord  
  36  8:22  Hydralisk x2  
  40  8:44  Overseer  
  40  8:48  Drone  
  40  8:49  Drone x2  
  43  8:57  Spore Crawler  
  42  9:04  Hydralisk  
  44  9:27  Overlord x3  
  44  9:45  Lurker Den  
  43  9:46  Hydralisk  
  43  9:47  Hydralisk  
  47  9:59  Hydralisk x3  
  53  10:54  Hydralisk x2  
  53  10:55  Hydralisk  
  59  11:11  Hydralisk  
  59  11:12  Hydralisk x3  
  59  11:17  Overlord x2  
  61  11:51  Overseer  
  61  11:57  Drone x3  
  64  12:04  Queen  
  66  12:10  Drone  
  67  12:19  Lurker x6  
  67  12:20  Lurker x3  
  76  12:24  Lurker  
  76  12:28  Hydralisk  
  79  12:35  Lurker  
  80  12:45  Roach x2  
  52  14:03  Hydralisk x3  
  58  14:10  Hatchery  
  57  14:18  Infestation Pit  
  56  14:29  Drone x2  
  58  14:52  Hydralisk  
  58  14:53  Hydralisk x2  
  64  15:04  Hatchery  
  63  15:15  Hive  
  63  15:17  Hydralisk x4  
  71  15:40  Lair  
  71  15:45  Spine Crawler  
  71  15:47  Hydralisk  
  71  15:48  Hydralisk  
  74  15:56  Spine Crawler  
  73  16:02  Spine Crawler  
  72  16:11  Zergling x10  
  75  16:12  Zergling x2  
  78  16:24  Lair, Baneling Nest  
  77  16:29  Hydralisk  
  77  16:31  Zergling x4  
  77  16:32  Zergling x10  
  86  16:43  Hydralisk  
  88  16:47  Overlord  
  88  17:15  Overseer  
  88  17:32  Baneling x5  
  88  17:33  Baneling x6  
  88  17:34  Baneling x5  
  88  17:35  Baneling x5  
  88  17:36  Baneling x4  
  88  17:40  Hive  
  88  17:42  Hydralisk x4  
  96  17:45  Overlord x4  
  96  17:46  Overlord x4  
  55  18:55  Hydralisk x3  
  55  18:56  Hydralisk x3  
  50  19:27  Hydralisk x3  
  50  19:28  Hydralisk x3  
  50  19:29  Spore Crawler  
  50  19:30  Spore Crawler  
  59  19:32  Spore Crawler x2  
  59  19:33  Spore Crawler  
  59  19:36  Muscular Augments  
  59  19:38  Spore Crawler  
  55  19:49  Infestation Pit  
  55  19:50  Hydralisk x3  
  60  20:23  Spine Crawler  
  60  20:26  Spine Crawler  
Tags
 
Add a new tag
Caveats
  • Supply blocks, unpowered buildings, or Contaminate may cause inaccurate times.
  • Supply counts are checked every 10 seconds.